 Dungeon Crawl Stone Soup version 0.31-a0-182-gc5ef74bbde (webtiles) character file.

Game seed: 7869699536275265130

10874 qw the Cleaver (level 11, -11/68 HPs)
             Began as a Gargoyle Fighter on June 20, 2023.
             Was a Priest of Okawaru.
             Mangled by a death yak (18 damage)
             ... on level 1 of the Lair of Beasts.
             The game lasted 00:03:38 (7348 turns).

qw the Cleaver (Gargoyle Fighter)                   Turns: 7348, Time: 00:03:38

Health: -11/68     AC: 30    Str: 24    XL:     11   Next: 68%
Magic:  12/14      EV:  8    Int:  9    God:    Okawaru [***...]
Gold:   373        SH: 12    Dex:  9    Spells: 10/10 levels left

rFire   . . .        p - +2 war axe (spect)
rCold   . . .        b - +0 kite shield
rNeg    + + .        z - +0 plate armour
rPois   inf          w - +0 helmet
rElec   +            c - +2 cloak
rCorr   .            (no gloves)
SInv    .            e - +0 pair of boots
Will    .....        i - amulet of regeneration Stlth
                     g - ring of positive energy
HPRegen 1.11/turn    (no ring)
MPRegen 0.14/turn

%: no passive effects
@: heroic, unable to read
A: sickness immunity, AC +8, negative energy resistance 1, electricity
resistance, torment resistance 1, petrification resistance, inability to read
after injury 1
a: Renounce Religion, Heroism


You were on level 1 of the Lair of Beasts.
You worshipped Okawaru.
Okawaru was most pleased with you.
You visited 3 branches of the dungeon, and saw 11 of its levels.

You collected 493 gold pieces.
You spent 120 gold pieces at shops.


Innate Abilities, Weirdness & Mutations

You are immune to sickness and miasma.
Your stone body is resilient. (AC +8)
You are immune to poison.
You resist negative energy. (rN+)
You are resistant to electric shocks. (rElec)
You are resistant to unholy torment.
You are immune to petrification.
You occasionally lose the ability to read scrolls when taking damage.


   Skills:
 - Level 8.0(13.0) Fighting
 - Level 11.0(16.0) Axes
 - Level 3.0(8.0) Throwing
 - Level 8.3(13.3) Armour
 - Level 1.2(6.2) Dodging
 + Level 9.6(14.6) Shields
 - Level 4.4 Invocations


You had 10 spell levels left.
You didn't know any spells.
Your spell library was empty.

Inventory:

Hand Weapons
 p - a +2 spectral war axe (weapon)
 r - a +0 flail
Missiles
 m - 5 boomerangs
 u - 2 javelins (quivered)
Armour
 b - a +0 kite shield (worn)
 c - a +2 cloak (worn)
 e - a +0 pair of boots (worn)
 h - +0 acid dragon scales
 w - a +0 helmet (worn)
 z - a +0 plate armour (worn)
Jewellery
 g - a ring of positive energy (left hand)
 i - an amulet of regeneration (around neck)
Scrolls
 n - 4 scrolls of identify
 o - a scroll of teleportation
Potions
 a - a potion of magic
 d - 2 potions of might
 f - 5 potions of curing
 j - a potion of haste
 q - a potion of attraction

Dungeon Overview and Level Annotations

Branches:
Dungeon (9/15)             Temple (1/1) D:7            Lair (1/5) D:9
    Orc: D:9-12

Altars:
Ashenzari
Cheibriados
Dithmenos
Elyvilon
Fedhas
Gozag
Hepliaklqana
Kikubaaqudgha
Makhleb
Nemelex Xobeh
Okawaru
Qazlal
Ru
Trog
Uskayaw
Vehumet
Wu Jian
Xom
Yredelemnul
Zin
The Shining One

Shops:
D:6 =([

Annotations:
D:4 3 runed translucent doors, qw's ghost, amateur GrFi
D:7 1 runed translucent door, Crazy Yiuf


Message History

The death yak gores you but does no damage.
You hit the death yak but do no damage.
The death yak is moderately wounded.
You slash the death yak!
You can read scrolls again.
You hit the death yak.
The death yak is moderately wounded.
You hit the death yak but do no damage. You block the death yak's attack.
The death yak gores you!
You feel threatened and lose the ability to read scrolls!
7342 ||| DRINKING potion of heal wounds.
You feel much better.
The death yak gores you but does no damage.
The death yak gores you.
You hit the death yak.
The death yak is heavily wounded.
You hit the death yak but do no damage. You block the death yak's attack. x2
You hit the death yak.
The death yak is heavily wounded.
You hit the death yak but do no damage. The death yak barely misses you.
The death yak gores you but does no damage.
You hit the death yak but do no damage.
The death yak is moderately wounded.
You hit the death yak.
You feel like a meek peon again. You block the death yak's attack.
The death yak gores you!
7346 ||| INVOKING Heroism.
You gain the combat prowess of a mighty hero.
The death yak gores you! The death yak gores you.
You slash the death yak!
The death yak is heavily wounded.
You hit the death yak but do no damage. You slash the death yak!
The death yak is severely wounded.
You slash the death yak!
The death yak gores you but does no damage.
The death yak gores you!!
You die...

.# ...# ### ..[.#
###Y#########.#.#
#.YY@.....##....#
#.Y#####.##...###
#..# #........##
# ##.
#.........##.. Y
#......8...#.. Y#
####........## ##
####......#
###.###...8..
##............


You could see 4 death yaks.

Vanquished Creatures
  2 death yaks (Lair:1)
  Pikel (D:6)
  Joseph (D:7)
  Maggie (D:8)
  2 cane toads (Lair:1)
  2 trolls (D:9)
  A hornet (D:9)
  Sigmund (D:6)
  18 yaks
  A steam dragon (D:7)
  Menkaure (D:7)
  7 water moccasins
  3 orc warriors
  An ice beast (D:7)
  A black bear (D:6)
  2 ogres
  3 wolves (D:9)
  3 centaurs
  A lemure (D:6)
  A phantom (D:5)
  2 kobold brigands
  7 bullfrogs
  2 scorpions
  13 wights
  5 killer bees (D:9)
  3 electric eels (D:9)
  A howler monkey (D:5)
  8 hounds
  2 jellies
  2 orc priests
  A gnoll bouda (D:7)
  Terence (D:3)
  4 orc wizards
  2 iguanas
  8 gnolls
  5 adders
  2 shadow imps
  3 white imps
  2 ufetubi
  3 worms
  3 dart slugs
  20 orcs
  2 bats (D:2)
  5 endoplasms
  3 giant cockroaches
  2 hobgoblins
  4 quokkas
  3 ball pythons (D:1)
  2 frilled lizards
  9 goblins
  16 kobolds
  2 rats
200 creatures vanquished.

Vanquished Creatures (others)
  2 spectral weapons (Lair:1)
2 creatures vanquished.

Grand Total: 202 creatures vanquished

Notes
Turn   | Place    | Note
-------+----------+-------------------------------------------
     0 | D:1      | qw the Gargoyle Fighter began the quest for the Orb.
     0 | D:1      | Reached XP level 1. HP: 14/14 MP: 1/1
     0 | D:1      | 0 ||| qw: Version: 0.3-a-9-g12657ce
     0 | D:1      | 0 ||| qw: Game counter: 1468
     0 | D:1      | 0 ||| qw: Always use a shield: true
     0 | D:1      | 0 ||| qw: God list: Okawaru
     0 | D:1      | 0 ||| qw: Allow faded altars: false
     0 | D:1      | 0 ||| qw: Do Orc after D:15 true
     0 | D:1      | 0 ||| qw: Do second Lair branch before Depths: true
     0 | D:1      | 0 ||| qw: Lair rune preference: random
     0 | D:1      | 0 ||| qw: Plans: Normal, Zot:1-4, Slime:5, God:TSO, Crypt,
                  | Tomb, Abyss, Pan, Hells, Win
     0 | D:1      | 0 ||| PLANNING D:1-11
   107 | D:1      | Reached skill level 2 in Axes
   201 | D:1      | Reached XP level 2. HP: 14/19 MP: 2/2
   739 | D:1      | Reached skill level 3 in Axes
   749 | D:1      | 749 ||| DROPPING +0 club.
   750 | D:1      | 750 ||| UPGRADING to +0 cloak.
   755 | D:1      | 755 ||| UPGRADING to ring of positive energy.
   756 | D:1      | 756 ||| DRINKING 3 bubbling silvery potions.
   757 | D:1      | 757 ||| DRINKING 2 viscous coppery potions.
   758 | D:1      | 758 ||| DROPPING 2 potions of degeneration.
   801 | D:2      | Reached XP level 3. HP: 19/23 MP: 3/3
   841 | D:2      | 841 ||| Stepping ~*~*~tactically~*~*~ (stealth).
  1022 | D:2      | 1022 ||| DROPPING +0 whip.
  1028 | D:2      | 1028 ||| Stepping ~*~*~tactically~*~*~ (hiding).
  1558 | D:2      | 1558 ||| UPGRADING to +0 pair of boots.
  1563 | D:2      | 1563 ||| UPGRADING to +1 ring mail of fire resistance.
  1573 | D:2      | 1573 ||| READING scroll labelled ZARCHI JAMPEN.
  1574 | D:2      | 1574 ||| DRINKING 2 clear potions.
  1574 | D:2      | Gained mutation: Armour fits poorly on your strangely
                  | shaped body. [potion of mutation]
  1574 | D:2      | Gained mutation: A frigid envelope surrounds you and
                  | freezes all who hurt you. [potion of mutation]
  1574 | D:2      | Gained mutation: Your spells are a little harder to cast,
                  | but a little more powerful. [potion of mutation]
  1575 | D:2      | 1575 ||| DRINKING potion of mutation.
  1575 | D:2      | Lost mutation: A frigid envelope surrounds you and freezes
                  | all who hurt you. [potion of mutation]
  1575 | D:2      | Lost mutation: Your spells are a little harder to cast, but
                  | a little more powerful. [potion of mutation]
  1575 | D:2      | Gained mutation: You have hidden genetic potential. [potion
                  | of mutation]
  1598 | D:3      | 1598 ||| Stepping ~*~*~tactically~*~*~ (stealth).
  1604 | D:3      | Reached XP level 4. HP: 28/28 MP: 4/4
  1678 | D:3      | Noticed Terence
  1688 | D:3      | Killed Terence
  1689 | D:3      | Reached skill level 1 in Throwing
  1693 | D:3      | Gained mutation: You have sharp fingernails. [hidden
                  | potential]
  2020 | D:3      | 2020 ||| Stepping ~*~*~tactically~*~*~ (stealth).
  2061 | D:3      | Reached skill level 4 in Axes
  2179 | D:3      | 2179 ||| DROPPING orb of light.
  2180 | D:3      | 2180 ||| UPGRADING to amulet of regeneration.
  2216 | D:4      | Found a radiant altar of Vehumet.
  2255 | D:4      | 2255 ||| Stepping ~*~*~tactically~*~*~ (hiding).
  2261 | D:4      | Reached XP level 5. HP: 32/32 MP: 5/5
  2271 | D:4      | 2271 ||| DRINKING 3 potions of curing.
  2271 | D:4      | 2271 ||| (to cure confusion)
  2276 | D:4      | Gained mutation: You have large cloven feet. [hidden
                  | potential]
  2276 | D:4      | Lost mutation: You have hidden genetic potential. [hidden
                  | potential expressed]
  2309 | D:4      | 2309 ||| Stepping ~*~*~tactically~*~*~ (hiding).
  2452 | D:4      | Found a broken altar of Ashenzari.
  2539 | D:4      | 2539 ||| Stepping ~*~*~tactically~*~*~ (hiding).
  2541 | D:4      | 2541 ||| Stepping ~*~*~tactically~*~*~ (hiding).
  2552 | D:4      | 2552 ||| DROPPING +2 whip of venom.
  2563 | D:4      | Found a stormy altar of Qazlal.
  2617 | D:4      | Found a glowing golden altar of the Shining One.
  2714 | D:4      | Reached skill level 5 in Axes
  2714 | D:4      | Reached XP level 6. HP: 37/37 MP: 6/6
  2737 | D:4      | Found a runed translucent gate.
  2737 | D:4      | Identified the +2 chain mail of Protective Custody {Regen+}
  2738 | D:4      | Found a runed translucent gate.
  2738 | D:4      | Noticed qw's ghost (amateur GrFi)
  2739 | D:4      | Found a runed translucent gate.
  2746 | D:4      | Identified the +11 plate armour of the Devil's Team {+Blink
                  | rElec Int+2}
  2746 | D:4      | Noticed an orc warrior
  2756 | D:4      | Identified the +0 leather armour of Siodiz {rF+ Will+ SInv}
  2872 | D:4      | 2872 ||| READING scroll labelled HUKAOD SEVEZ.
  2984 | D:5      | Entered Level 5 of the Dungeon
  2990 | D:5      | 2990 ||| Stepping ~*~*~tactically~*~*~ (hiding).
  3188 | D:5      | 3188 ||| DROPPING +0 hand axe.
  3226 | D:5      | You fall into a shaft and drop 1 floor!
  3226 | D:6      | Found Taruwy's Antique Weapon Boutique.
  3229 | D:6      | 3229 ||| BUYING glowing mace (120 gold).
  3229 | D:6      | Bought a glowing mace for 120 gold pieces
  3229 | D:6      | 3229 ||| DROPPING +0 heavy mace.
  3265 | D:6      | Reached skill level 1 in Dodging
  3304 | D:6      | Found Uleb's Antique Armour Emporium.
  3307 | D:6      | 3307 ||| SHOPLISTING ice dragon scales (1680 gold, have
                  | 35).
  3307 | D:6      | 3307 ||| SHOPLISTING shiny gold dragon scales (2324 gold,
                  | have 35).
  3307 | D:6      | 3307 ||| SHOPLISTING shiny scale mail (196 gold, have 35).
  3319 | D:6      | Noticed a black bear
  3326 | D:6      | Killed a black bear
  3376 | D:6      | 3376 ||| Stepping ~*~*~tactically~*~*~ (hiding).
  3379 | D:6      | Found Oduicuid's Jewellery Boutique.
  3401 | D:6      | 3401 ||| SHOPLISTING ring of fire (300 gold, have 35).
  3401 | D:6      | 3401 ||| SHOPLISTING ring of ice (300 gold, have 35).
  3401 | D:6      | 3401 ||| SHOPLISTING ring of resist corrosion (240 gold,
                  | have 35).
  3401 | D:6      | 3401 ||| SHOPLISTING ring of willpower (300 gold, have 35).
  3412 | D:6      | Reached skill level 6 in Axes
  3412 | D:6      | Reached XP level 7. HP: 43/43 MP: 7/7
  3477 | D:6      | 3477 ||| DROPPING +0 scale mail.
  3478 | D:6      | 3478 ||| UPGRADING to +0 chain mail.
  3488 | D:6      | 3488 ||| READING scroll labelled MARRAO WIDI.
  3489 | D:6      | 3489 ||| READING scroll labelled RER ZAFUDGHOAQIO.
  3490 | D:6      | 3490 ||| READING 2 scrolls of identify.
  3490 | D:6      | 3490 ||| IDENTIFYING lumpy red potion
  3531 | D:5      | 3531 ||| Stepping ~*~*~tactically~*~*~ (stealth).
  3534 | D:5      | 3534 ||| Stepping ~*~*~tactically~*~*~ (stealth).
  3541 | D:5      | 3541 ||| Stepping ~*~*~tactically~*~*~ (stealth).
  3552 | D:5      | Reached skill level 7 in Axes
  3674 | D:5      | Reached XP level 8. HP: 43/49 MP: 8/8
  3712 | D:5      | Found an opulent altar of Gozag.
  3822 | D:5      | 3822 ||| READING scroll labelled ONNUSIT YNAU.
  3823 | D:5      | 3823 ||| READING scroll labelled TORPHU DAX ZUOPP.
  3824 | D:5      | 3824 ||| READING scroll labelled ECIBUIQIFA.
  3825 | D:5      | 3825 ||| READING 2 scrolls of identify.
  3825 | D:5      | 3825 ||| IDENTIFYING grey potion
  3852 | D:6      | Noticed Sigmund
  3858 | D:6      | Killed Sigmund
  3866 | D:6      | 3866 ||| DRINKING potion of mutation.
  3866 | D:6      | Lost mutation: Armour fits poorly on your strangely shaped
                  | body. [potion of mutation]
  3866 | D:6      | Lost mutation: You have large cloven feet. [potion of
                  | mutation]
  3866 | D:6      | Lost mutation: You have sharp fingernails. [potion of
                  | mutation]
  3866 | D:6      | Gained mutation: You occasionally lose the ability to read
                  | scrolls when taking damage. [potion of mutation]
  3895 | D:6      | Noticed Pikel
  3907 | D:6      | Killed Pikel
  3908 | D:6      | Reached skill level 9 in Axes
  3920 | D:6      | Reached XP level 9. HP: 45/54 MP: 9/9
  4297 | D:6      | HP: 13/55 [orc warrior/+0 short sword (7)]
  4301 | D:6      | Reached skill level 6 in Fighting
  4314 | D:6      | 4314 ||| Stepping ~*~*~tactically~*~*~ (stealth).
  4317 | D:6      | 4317 ||| Stepping ~*~*~tactically~*~*~ (stealth).
  4416 | D:6      | 4416 ||| UPGRADING to +0 helmet.
  4421 | D:6      | 4421 ||| READING scroll labelled JIUNUTTONGU.
  4425 | D:6      | 4425 ||| READING scroll labelled FASKAE VALEFAD.
  4426 | D:6      | 4426 ||| DRINKING 2 viscous puce potions.
  4427 | D:6      | 4427 ||| DROPPING potion of brilliance.
  4445 | D:7      | 4445 ||| Stepping ~*~*~tactically~*~*~ (hiding).
  4493 | D:7      | 4493 ||| Stepping ~*~*~tactically~*~*~ (hiding).
  4494 | D:7      | 4494 ||| Stepping ~*~*~tactically~*~*~ (hiding).
  4535 | D:7      | Found a shadowy altar of Dithmenos.
  4560 | D:7      | 4560 ||| READING scroll of brand weapon.
  4560 | D:7      | 4560 ||| BRANDING +1 war axe of chaos.
  4561 | D:7      | 4561 ||| DROPPING +0 war axe.
  4568 | D:7      | Noticed Menkaure
  4571 | D:7      | Killed Menkaure
  4587 | D:7      | Noticed Joseph
  4593 | D:7      | Killed Joseph
  4613 | D:7      | Found a runed translucent door.
  4614 | D:7      | Noticed Crazy Yiuf
  4691 | D:7      | 4691 ||| Stepping ~*~*~tactically~*~*~ (hiding).
  4743 | D:7      | 4743 ||| Stepping ~*~*~tactically~*~*~ (stealth).
  4746 | D:7      | 4746 ||| Stepping ~*~*~tactically~*~*~ (stealth).
  4747 | D:7      | 4747 ||| Stepping ~*~*~tactically~*~*~ (stealth).
  4756 | D:7      | 4756 ||| Stepping ~*~*~tactically~*~*~ (stealth).
  4809 | D:7      | 4809 ||| Stepping ~*~*~tactically~*~*~ (hiding).
  4810 | D:7      | 4810 ||| Stepping ~*~*~tactically~*~*~ (hiding).
  4812 | D:7      | 4812 ||| Stepping ~*~*~tactically~*~*~ (hiding).
  4875 | D:7      | 4875 ||| Stepping ~*~*~tactically~*~*~ (stealth).
  4903 | D:7      | 4903 ||| Stepping ~*~*~tactically~*~*~ (hiding).
  5016 | D:7      | Reached skill level 10 in Axes
  5021 | D:7      | 5021 ||| READING scroll of enchant weapon.
  5021 | D:7      | 5021 ||| ENCHANTING +1 spectral war axe.
  5141 | D:7      | Found a staircase to the Ecumenical Temple.
  5142 | D:7      | 5142 ||| PLANNING TEMPLE
  5142 | D:7      | 5142 ||| UPGRADING to +0 kite shield.
  5152 | D:7      | 5152 ||| DROPPING +0 buckler.
  5153 | D:7      | 5153 ||| DRINKING 2 fizzy dark potions.
  5154 | D:7      | 5154 ||| READING 3 scrolls of identify.
  5154 | D:7      | 5154 ||| IDENTIFYING metallic ruby potion
  5155 | D:7      | 5155 ||| READING 2 scrolls of identify.
  5155 | D:7      | 5155 ||| IDENTIFYING puce potion
  5156 | D:7      | 5156 ||| DROPPING potion of berserk rage.
  5162 | Temple   | Entered the Ecumenical Temple
  5309 | Temple   | 5309 ||| PLANNING OKAWARU WORSHIP
  5382 | Temple   | Became a worshipper of Warmaster Okawaru
  5383 | Temple   | 5383 ||| PLANNING D:1-11
  5724 | D:7      | 5724 ||| Stepping ~*~*~tactically~*~*~ (cloud).
  5785 | D:7      | 5785 ||| UPGRADING to +2 cloak.
  5795 | D:7      | 5795 ||| DROPPING +0 cloak.
  5821 | D:8      | Noticed Maggie
  5824 | D:8      | 5824 ||| STAIRDANCE
  5827 | D:7      | Reached XP level 10. HP: 56/63 MP: 10/10
  5831 | D:7      | Reached skill level 6 in Shields
  5897 | D:8      | 5897 ||| STAIRDANCE
  5899 | D:7      | Reached * piety under Okawaru
  5993 | D:8      | 5993 ||| STAIRDANCE
  5996 | D:7      | 5996 ||| INVOKING Heroism.
  6002 | D:7      | Reached skill level 1 in Invocations
  6082 | D:8      | 6082 ||| INVOKING Heroism.
  6087 | D:8      | Reached skill level 3 in Invocations
  6093 | D:8      | 6093 ||| DRINKING 4 potions of curing.
  6093 | D:8      | 6093 ||| (to cure confusion)
  6106 | D:8      | Killed Maggie
  6106 | D:8      | Reached ** piety under Okawaru
  6108 | D:8      | 6108 ||| STAIRDANCE
  6111 | D:7      | Reached skill level 9 in Shields
  6209 | D:8      | 6209 ||| INVOKING Heroism.
  6259 | D:8      | 6259 ||| INVOKING Heroism.
  6264 | D:8      | Reached skill level 6 in Armour
  6495 | D:8      | Found a hide-covered altar of Uskayaw.
  6621 | D:8      | 6621 ||| READING scroll labelled FONGADW CUCHUH.
  6622 | D:8      | 6622 ||| READING 3 scrolls of identify.
  6622 | D:8      | 6622 ||| IDENTIFYING dark potion
  6623 | D:8      | 6623 ||| DROPPING potion of invisibility.
  6648 | D:9      | 6648 ||| INVOKING Heroism.
  6652 | D:9      | Found a staircase to the Lair.
  6658 | D:9      | 6658 ||| Stepping ~*~*~tactically~*~*~ (water).
  6667 | D:9      | Reached XP level 11. HP: 64/68 MP: 14/14
  6679 | D:9      | 6679 ||| INVOKING Heroism.
  6834 | D:9      | 6834 ||| INVOKING Heroism.
  6838 | D:9      | Reached skill level 3 in Throwing
  6991 | D:9      | 6991 ||| Stepping ~*~*~tactically~*~*~ (stealth).
  6993 | D:9      | 6993 ||| Stepping ~*~*~tactically~*~*~ (hiding).
  6994 | D:9      | 6994 ||| INVOKING Heroism.
  7065 | D:9      | Identified the +3 leather armour of Fortification {rElec
                  | rC+ Dex-5 SInv}
  7093 | D:9      | 7093 ||| PLANNING LAIR
  7093 | D:9      | 7093 ||| DROPPING +1 ring mail of fire resistance.
  7094 | D:9      | 7094 ||| UPGRADING to +0 plate armour.
  7104 | D:9      | 7104 ||| DROPPING +0 chain mail.
  7105 | D:9      | 7105 ||| READING 2 scrolls labelled YTTAG LYNO IPNO.
  7106 | D:9      | 7106 ||| READING scroll labelled ZINLUXYCILUU.
  7107 | D:9      | 7107 ||| READING scroll labelled DAHAABAFAT.
  7119 | D:9      | 7119 ||| READING scroll labelled OCEPASE INOCW.
  7120 | D:9      | 7120 ||| DROPPING scroll of vulnerability.
  7138 | Lair:1   | Entered Level 1 of the Lair of Beasts
  7141 | Lair:1   | 7141 ||| Stepping ~*~*~tactically~*~*~ (stealth).
  7182 | Lair:1   | 7182 ||| INVOKING Heroism.
  7228 | Lair:1   | 7228 ||| INVOKING Heroism.
  7256 | Lair:1   | Reached *** piety under Okawaru
  7257 | Lair:1   | Reached skill level 11 in Axes
  7272 | Lair:1   | 7272 ||| INVOKING Heroism.
  7320 | Lair:1   | Noticed a death yak
  7320 | Lair:1   | Noticed a death yak
  7320 | Lair:1   | Noticed a death yak
  7321 | Lair:1   | 7321 ||| Stepping ~*~*~tactically~*~*~ (stealth).
  7322 | Lair:1   | 7322 ||| INVOKING Heroism.
  7329 | Lair:1   | Killed a death yak
  7329 | Lair:1   | Noticed a death yak
  7331 | Lair:1   | Noticed a death yak
  7333 | Lair:1   | Noticed a death yak
  7335 | Lair:1   | Killed a death yak
  7341 | Lair:1   | HP: 14/68 [death yak (15)]
  7342 | Lair:1   | 7342 ||| DRINKING potion of heal wounds.
  7346 | Lair:1   | 7346 ||| INVOKING Heroism.
  7346 | Lair:1   | HP: 11/68 [death yak (11)]
  7348 | Lair:1   | Mangled by a death yak

Levels and vault maps discovered:
D:1:      saegor_arrival_simple_b, layout_basic
D:2:      layout_loops_ring
D:3:      layout_basic, uniq_terence
D:4:      layout_rooms, nicolae_ashenzari_skybound, tso_metal_star,
          mainiacjoe_overflow_surrounded_room, marbit_many_paths,
          biasface_ghost_orc_armoury
D:5:      layout_rooms, lemuel_coloured_pillars_altar, cheibrodos_gnoll_hut
D:6:      layout_basic, serial_shops, nicolae_shop_gibbet_a_chance,
          kennysheep_mini_moat, shop, uniq_sigmund, uniq_pikel
D:7:      layout_loops_cross, mainiacjoe_overflow_small_starburst,
          minmay_temple_entry_statues_pillars, uniq_crazy_yiuf_cottage,
          uniq_joseph, uniq_menkaure
D:8:      layout_rooms, nicolae_uskayaw_murder_on_the_dancefloor,
          kennysheep_nub, uniq_maggie
D:9:      layout_cave_pools, erik_lair_island
Temple:   dpeg_chambers_temple
Lair:1:   layout_loops_ring, grunt_megastairs_3, infiniplex_staircase_pool_2

Skill      XL: |  1  2  3  4  5  6  7  8  9 10 11 |
---------------+----------------------------------+-----
Axes           | 2 3 4 5 6 7 9 10 11 | 11.0
Throwing       | 1 2 3 |  3.0
Dodging        | 1 |  1.2
Fighting       | 4 5 7 8 |  8.0
Armour         | 5 6 8 |  8.3
Shields        | 5 9 |  9.6
Invocations    | 4 |  4.4

Action                     |  1- 3 |  4- 6 |  7- 9 | 10-12 || total
---------------------------+-------+-------+-------+-------++-------
  Melee: War axe           |    90 |    93 |   182 |   189 ||   554
  Throw: Javelin           |    13 |    25 |    23 |    16 ||    77
         Boomerang         |       |       |     2 |    13 ||    15
 Invoke: Heroism           |       |       |       |    13 ||    13
    Use: Potion            |     4 |     1 |     3 |     2 ||    10
         Scroll            |     1 |     1 |    13 |     6 ||    21
   Stab: Distracted        |       |       |     1 |     2 ||     3
 Armour: Scale mail        |    41 |       |       |       ||    41
         Ring mail         |       |    36 |       |       ||    36
         Chain mail        |       |       |   110 |    68 ||   178
         Plate armour      |       |       |       |    13 ||    13
  Dodge: Dodged            |    34 |    41 |    70 |    51 ||   196
  Block: Buckler           |    13 |    14 |    37 |       ||    64
         Kite shield       |       |       |    11 |    97 ||   108

Table legend:
 A = Non-vault XP
 B = Vault XP
 C = Vault XP percentage of total XP
 D = Non-vault monster count
 E = Vault monster count
 F = Vault count percentage of total count
                 A         B        C        D         E       F
            +---------+---------+-------+---------+---------+-------
      Total |   11483 |    4052 |  26.1 |     177 |      22 |  11.1
            +---------+---------+-------+---------+---------+-------
        D:1 |      30 |       0 |   0.0 |      17 |       0 |   0.0
        D:2 |      45 |       0 |   0.0 |      18 |       0 |   0.0
        D:3 |      42 |      38 |  47.5 |       7 |       1 |  12.5
        D:4 |     178 |       2 |   1.1 |      12 |       1 |   7.7
        D:5 |     492 |     102 |  17.2 |      14 |       3 |  17.6
        D:6 |    1048 |     882 |  45.7 |      17 |       2 |  10.5
        D:7 |    3304 |     632 |  16.1 |      36 |       2 |   5.3
        D:8 |    1791 |     424 |  19.1 |      30 |       1 |   3.2
        D:9 |    1855 |     782 |  29.7 |      18 |       7 |  28.0
     Lair:1 |    2698 |    1190 |  30.6 |       8 |       5 |  38.5
            +---------+---------+-------+---------+---------+-------
